 Dungeon Crawl Stone Soup version 0.29.0-15-g675c0067aa (webtiles) character file.

Game seed: 7193665893890276073

2092 sleeves the Covert (level 9, -1/48 HPs)
             Began as a Gargoyle Brigand on Sept 11, 2022.
             Was a Follower of Vehumet.
             Slain by a wolf (3 damage)
             ... led by Grum
             ... on level 7 of the Dungeon.
             The game lasted 00:12:06 (6602 turns).

sleeves the Covert (Gargoyle Brigand)               Turns: 6602, Time: 00:12:07

Health: -1/48      AC: 12    Str: 16    XL:     9   Next: 27%
Magic:  11/12      EV: 11    Int: 15    God:    Vehumet [*.....]
Gold:   482        SH:  0    Dex: 11    Spells: 8/12 levels left

rFire   . . .      SeeInvis .   a - +1 dagger (venom)
rCold   . . .      Faith    .   (no shield)
rNeg    + . .      Spirit   .   o - +0 leather armour
rPois   ∞          Reflect  .   r - +0 helmet
rElec   +          Harm     .   f - +1 cloak
rCorr   .          Rampage  .   (no gloves)
Will    .....                   (no boots)
Stlth   ++++......              i - amulet of regeneration
HPRegen 0.96/turn               (no ring)
MPRegen 0.13/turn               (no ring)

@: no status effects
A: sickness immunity, AC +6, negative energy resistance 1, electricity
resistance, torment resistance 1, petrification resistance
a: Renounce Religion


You were on level 7 of the Dungeon.
You worshipped Vehumet.
Vehumet was aware of your devotion.
You visited 1 branch of the dungeon, and saw 8 of its levels.
You also visited: Bailey.

You collected 482 gold pieces.

Inventory:

Hand Weapons
 a - a +1 dagger of venom (weapon)
   (You took it off a goblin on level 3 of the Dungeon)
 u - a +0 short sword of speed
   (You took it off a kobold on level 4 of the Dungeon)
Missiles
 d - 10 poisoned darts
 e - 2 curare-tipped darts
Armour
 f - a +1 cloak (worn)
   (You found it on level 1 of the Dungeon)
 o - a +0 leather armour (worn)
   (You took it off a hobgoblin on level 2 of the Dungeon)
 r - a +0 helmet (worn)
   (You took it off Robin on level 3 of the Dungeon)
Magical Staves
 b - a staff of conjuration
   (You found it on level 5 of the Dungeon)
Jewellery
 i - an amulet of regeneration (around neck)
   (You found it on level 2 of the Dungeon)
 B - a ring of wizardry
   (You found it on level 5 of the Dungeon)
 E - a ring of resist corrosion
   (You found it on level 6 of the Dungeon)
Wands
 v - a wand of iceblast (1)
   (You found it on level 4 of the Dungeon)
 G - a wand of polymorph (7) (quivered)
   (You found it on level 6 of the Dungeon)
 J - a wand of flame (9)
   (You found it on level 7 of the Dungeon)
Scrolls
 c - 2 scrolls of fear {unknown}
 g - 7 scrolls of identify {unknown}
 h - a scroll of blinking {unknown}
 j - 4 scrolls of teleportation {unknown}
 p - a scroll of noise {unknown}
 q - a scroll of amnesia {unknown}
 t - 3 scrolls of magic mapping {unknown}
 w - a scroll of torment {unknown}
 x - a scroll of vulnerability {unknown}
 y - 3 scrolls of immolation {unknown}
 C - a scroll of poison {unknown}
 I - a scroll of butterflies {unknown}
Potions
 k - 3 potions of attraction {unknown}
 l - 3 potions of brilliance {unknown}
 m - a potion of degeneration {unknown}
 n - 7 potions of curing {unknown}
 s - a potion of lignification {unknown}
 z - 2 potions of invisibility {unknown}
 A - a potion of mutation {unknown}
 D - 2 potions of haste {unknown}
 F - a potion of heal wounds {unknown}
 H - a potion of flight {unknown}


   Skills:
 - Level 2.1 Fighting
 - Level 4.0 Short Blades
 - Level 1.7 Throwing
 - Level 0.7 Dodging
 + Level 9.7 Stealth
 + Level 2.0 Spellcasting
 + Level 6.2 Conjurations
 + Level 5.6 Fire Magic


You had 8 spell levels left.
You knew the following spells:

 Your Spells              Type           Power      Damage    Failure   Level
a - Foxfire               Conj/Fire      76%        2x1d7     2%          1
b - Mephitic Cloud        Conj/Pois/Air  7%         N/A       34%         3

Your spell library contained the following spells:

 Spells                   Type           Power      Damage    Failure   Level
 Freeze                   Ice            4%         1d3       26%         1
 Conjure Flame            Conj/Fire      19%        6-21      7%          3
 Flame Wave               Conj/Fire      19%        2d7       24%         4
 Apportation              Tloc           2%         N/A       26%         1
 Necrotise                Necr           4%         1d4       26%         1
 Summon Small Mammal      Summ           4%         N/A       26%         1
 Inner Flame              Hex/Fire       10%        N/A       26%         3
 Ignite Poison            Fire/Tmut/Pois 7%         N/A       36%         3
 Iskenderun's Battlesphe  Conj           20%        2d7       52%         5
 Fireball                 Conj/Fire      9%         3d6       54%         5
 Freezing Cloud           Conj/Ice/Air   3%         6-21      97%         5
 Conjure Ball Lightning   Conj/Air       5%         3x3d6     100%        6
 Orb of Destruction       Conj           10%        9d6       100%        7


Dungeon Overview and Level Annotations

Branches:
Dungeon (8/15)             Temple (0/1) D:6          Bailey (visited)
   Lair: D:8-11

Altars:
Hepliaklqana
Kikubaaqudgha
Nemelex Xobeh
Vehumet

Shops:
D:2 (

Portals:
Abyss: D:5

Annotations:
D:3 Grinder
D:4 exclusion: ice beast
D:5 2 transporters, gdog's ghost, weakling GnDe
D:8 Gastronok


Innate Abilities, Weirdness & Mutations

You are immune to sickness and miasma.
Your stone body is resilient. (AC +6)
You are immune to poison.
You resist negative energy. (rN+)
You are resistant to electric shocks. (rElec)
You are resistant to unholy torment.
You are immune to petrification.


Message History

The orc warrior shouts! x2
There is a gate leading back out of this place here.
Okay, then.
Throw: 18 darts (poison)
Press: ? - help, Q - select action, (/) - cycle Shift-Dir - straight line, f - hobgoblin
Aim: a hobgoblin, wielding a +0 war axe and wearing a +0 leather armour (56% to hit)
You throw a poisoned dart.
The poisoned dart barely misses the hobgoblin.
The poisoned dart hits the orc warrior.
The orc warrior is poisoned.
Throw: 17 darts (poison)
Press: ? - help, Q - select action, (/) - cycle Shift-Dir - straight line, f/p - hobgoblin
Aim: a hobgoblin, wielding a +0 war axe and wearing a +0 leather armour (56% to hit)
You throw a poisoned dart.
The poisoned dart closely misses the hobgoblin.
The poisoned dart closely misses the orc warrior.
Throw: 16 darts (poison)
Press: ? - help, Q - select action, (/) - cycle Shift-Dir - straight line, f/p - hobgoblin
Aim: a hobgoblin, wielding a +0 war axe and wearing a +0 leather armour (56% to hit)
You throw a poisoned dart. The poisoned dart hits the hobgoblin.
The hobgoblin is poisoned.
Throw: 15 darts (poison)
Press: ? - help, Q - select action, (/) - cycle Shift-Dir - straight line, f/p - hobgoblin
Aim: a hobgoblin, wielding a +0 war axe and wearing a +0 leather armour (poisoned, 56% to hit)
You throw a poisoned dart.
The poisoned dart barely misses the hobgoblin.
The poisoned dart barely misses the orc warrior.
Aiming: Iceblast
Press: ? - help, Shift-Dir - straight line, p - hobgoblin
Okay, then.
Okay, then.
Throw: 14 darts (poison)
Press: ? - help, Q - select action, (/) - cycle Shift-Dir - straight line, f/p - hobgoblin
Aim: a hobgoblin, wielding a +0 war axe and wearing a +0 leather armour (moderately wounded, poisoned, 56% to hit)
You throw a poisoned dart.
The poisoned dart barely misses the hobgoblin.
The poisoned dart hits the orc warrior.
The orc warrior looks even sicker.
The orc warrior is moderately wounded.
You hit the hobgoblin.
The hobgoblin looks even sicker.
The hobgoblin is almost dead.
You kill the hobgoblin!
Vehumet accepts your kill.
You barely miss the orc warrior.
The orc warrior is moderately wounded.
The orc warrior hits you with a +0 war axe!
The orc warrior hits you with a +0 war axe.
Welcome back to the Dungeon!
There is an empty arch of ancient stone, spattered with blood here.
You see here a +0 hand axe.
The orc warrior hits you with a +0 war axe.
You enter the shallow water.
Moving in this stuff is going to be slow.
You closely miss the orc warrior.
The orc warrior is heavily wounded.
The orc warrior closely misses you.
You closely miss the orc warrior.
The orc warrior is heavily wounded.
You closely miss the orc warrior.
The orc warrior is heavily wounded.
The orc warrior hits you but does no damage.
You closely miss the orc warrior.
The orc warrior is heavily wounded.
The orc warrior closely misses you.
You hit the orc warrior.
The orc warrior looks even sicker.
The orc warrior is severely wounded.
The orc warrior barely misses you.
You barely miss the orc warrior.
The orc warrior is almost dead.
The orc warrior splashes around in the water.
You closely miss the orc warrior.
The orc warrior is almost dead.
You kill the orc warrior!
Vehumet accepts your kill.
You hear a splash. x2
Your Fire Magic skill increases to level 4!
You enter the shallow water.
Moving in this stuff is going to be slow.
Things that are here:
a +0 war axe; a +0 ring mail; an orc corpse HP restored.
You enter the shallow water.
Moving in this stuff is going to be slow.
Things that are here:
a +0 war axe; a +0 ring mail; an orc corpse
j - 4 scrolls labelled MILUCY USSOT (gained 1)
You now have 420 gold pieces (gained 13).
Things that are here:
a +0 ring mail; a +0 falchion; an orc corpse You open the door.
There is an open door here.
A shadow imp comes into view.
A shadow imp is nearby!
A shadow imp is nearby!
A shadow imp is nearby!
A shadow imp is nearby!
A shadow imp is nearby!
A shadow imp is nearby!
A shadow imp is nearby!
A shadow imp is nearby!
The shadow imp shouts!
The shadow imp hits you.
You hit the shadow imp.
The shadow imp is poisoned.
The shadow imp is moderately wounded.
The shadow imp summons a swarm of flies.
The shadow imp hits you but does no damage.
A shadow imp is nearby!
A shadow imp is nearby!
You hit the shadow imp.
The shadow imp is heavily wounded.
You closely miss the shadow imp.
The shadow imp is severely wounded.
The shadow imp hits you.
You barely miss the shadow imp.
The shadow imp is severely wounded.
The shadow imp hits you but does no damage.
You hit the shadow imp.
The shadow imp looks as sick as possible!
The shadow imp is almost dead.
You kill the shadow imp!
Vehumet accepts your kill.
No target in view!
No target in view!
No target in view!
No target in view!
No target in view!
No target in view!
No target in view!
No target in view!
You open the door.
There is an open door here.
You open the door.
There is an open door here.
An ogre comes into view. It is wielding a +0 giant spiked club.
An ogre is nearby!
An ogre is nearby!
You throw a poisoned dart. The poisoned dart hits the ogre.
The ogre is poisoned.
You throw a poisoned dart. The poisoned dart hits the ogre.
The ogre looks even sicker.
You throw a poisoned dart. The poisoned dart hits the ogre.
The ogre is lightly wounded.
You hit the ogre.
The ogre is lightly wounded.
You hit the ogre.
The ogre looks as sick as possible!
The ogre is moderately wounded.
The ogre hits you with a +0 giant spiked club!!
Ouch! That really hurt!
* * * LOW HITPOINT WARNING * * *
You are too injured to fight recklessly!
You are too injured to fight recklessly!
You are too injured to fight recklessly!
The ogre attacks as you move away! The ogre closely misses you.
There is an open door here.
You kill the ogre!
Vehumet accepts your kill.
You open the door.
There is an open door here.
g - 6 scrolls labelled AWYIN NOUCVIOS (gained 1)
d - 11 poisoned darts (gained 1)
You now have 429 gold pieces (gained 9).
d - 12 poisoned darts (gained 1) Maggie the Vainglorious comes into view.
She is wielding a +1 glaive of distortion.
Aiming: Polymorph
Press: ? - help, Shift-Dir - straight line, f - Maggie
Aim: Maggie, wielding a +1 glaive of distortion and wearing +0 steam dragon scales (asleep, will become a giant cockroach, a hornet, or an acid dragon, chance to affect: 49%) Maggie shouts!
Maggie evaporates and reforms as a hornet!
You throw a poisoned dart.
The poisoned dart closely misses Maggie.
You throw a poisoned dart. The poisoned dart hits Maggie.
Maggie is poisoned.
You throw a curare-tipped dart.
The curare-tipped dart barely misses Maggie.
You throw a curare-tipped dart. The curare-tipped dart hits Maggie.
Maggie looks even sicker.
Maggie convulses.
Maggie seems to slow down.
Maggie is moderately wounded.
You closely miss Maggie.
Maggie is moderately wounded.
Maggie stings you!
You barely miss Maggie.
Maggie is heavily wounded.
Maggie stings you!
You are too injured to fight recklessly!
You are too injured to fight recklessly!
You are too injured to fight recklessly!
You are too injured to fight recklessly!
You miss Maggie.
Maggie is heavily wounded.
Maggie stings you!
* * * LOW HITPOINT WARNING * * *
Aiming: Iceblast
Press: ? - help, Shift-Dir - straight line, p - Maggie The mass of ice explodes!
The iceblast engulfs Maggie!
Maggie is severely wounded.
Maggie stings you but does no damage.
You hit Maggie but do no damage.
Maggie is almost dead.
You kill Maggie!
Vehumet accepts your kill.
Maggie returns to her original shape as she dies.
Your Stealth skill increases to level 9!
Your Conjurations skill increases to level 5!
You see here the human corpse of Maggie.
q - a scroll labelled YMUTSICAOH
Found an escape hatch in the ceiling.
d - 11 poisoned darts (gained 1)
d - 12 poisoned darts (gained 1)
H - a yellow potion
Things that are here:
a +1 glaive of distortion; +0 steam dragon scales
e - 2 curare-tipped darts (gained 1)
g - 7 scrolls labelled AWYIN NOUCVIOS (gained 1)
The gnoll shouts! x2; The gnoll sergeant shouts!
There is a stone staircase leading up here.
You completely miss the gnoll. The gnoll hits you but does no damage.
You hit the gnoll.
The gnoll is poisoned.
The gnoll is lightly wounded.
You hit the gnoll.
The gnoll looks as sick as possible!
The gnoll is severely wounded.
You hit the gnoll.
You kill the gnoll!
Vehumet accepts your kill.
You throw a poisoned dart.
The poisoned dart hits the gnoll sergeant.
The gnoll sergeant is poisoned.
The gnoll sergeant closely misses you.
You throw a poisoned dart.
The poisoned dart barely misses the gnoll sergeant.
The poisoned dart hits the gnoll.
The gnoll is poisoned.
You throw a poisoned dart.
The poisoned dart hits the gnoll sergeant.
The gnoll shouts!
The gnoll sergeant hits you from afar with a +0 trident.
You throw a poisoned dart.
The poisoned dart hits the gnoll sergeant.
The gnoll sergeant looks even sicker.
The gnoll sergeant closely misses you. The gnoll hits you but does no damage.
You throw a poisoned dart. The poisoned dart hits the gnoll.
The gnoll looks even sicker.
The gnoll is lightly wounded.
The gnoll sergeant closely misses you.
The gnoll hits you from afar with a +0 spear.
Throw: 7 darts (poison)
Press: ? - help, Q - select action, (/) - cycle Shift-Dir - straight line, f - gnoll sergeant, p - gnoll
Aim: a gnoll sergeant, wielding a +0 trident and wearing a +0 ring mail (very poisoned, 64% to hit)
You throw a poisoned dart.
The poisoned dart hits the gnoll sergeant.
The gnoll sergeant hits you from afar with a +0 trident!
* * * LOW HITPOINT WARNING * * *
The gnoll hits you but does no damage.
The gnoll sergeant hits you from afar with a +0 trident.
The gnoll sergeant looks more healthy.
Throw: 6 darts (poison)
Press: ? - help, Q - select action, (/) - cycle Shift-Dir - straight line, f/p - gnoll sergeant
Aim: a gnoll sergeant, wielding a +0 trident and wearing a +0 ring mail (lightly wounded, 64% to hit)
You throw a poisoned dart.
The poisoned dart barely misses the gnoll.
The poisoned dart hits the gnoll sergeant.
The gnoll sergeant is lightly wounded.
The gnoll hits you but does no damage.
The gnoll looks more healthy.
There is a stone staircase leading up here.
Throw: 5 darts (poison)
Press: ? - help, Q - select action, (/) - cycle Shift-Dir - straight line, f/p - gnoll sergeant
Aim: a gnoll sergeant, wielding a +0 trident and wearing a +0 ring mail (lightly wounded, 64% to hit)
You throw a poisoned dart.
The poisoned dart closely misses the gnoll sergeant.
The poisoned dart barely misses the gnoll.
The poisoned dart completely misses the gnoll.
The gnoll sergeant barely misses you.
Throw: 4 darts (poison)
Press: ? - help, Q - select action, (/) - cycle Shift-Dir - straight line, f/p - gnoll sergeant
Aim: a gnoll sergeant, wielding a +0 trident and wearing a +0 ring mail (lightly wounded, 64% to hit)
You throw a poisoned dart.
The poisoned dart hits the gnoll sergeant.
The gnoll sergeant is poisoned.
The gnoll sergeant is lightly wounded.
The gnoll sergeant closely misses you. The gnoll hits you but does no damage.
The gnoll sergeant barely misses you. The gnoll attacks as you move away!
The gnoll barely misses you. The gnoll barely misses you.
The gnoll hits you but does no damage. The gnoll hits you with a +0 flail.
You hit the gnoll.
The gnoll is moderately wounded.
The gnoll barely misses you. The gnoll hits you but does no damage.
You hit the gnoll but do no damage.
The gnoll is poisoned.
The gnoll is moderately wounded.
The gnoll hits you but does no damage. The gnoll attacks as you move away!
The gnoll hits you with a +0 flail!
You see here a poisoned dart.
You kill the gnoll!
Vehumet accepts your kill.
Throw: 3 darts (poison)
Press: ? - help, Q - select action, (/) - cycle Shift-Dir - straight line, f/p - gnoll sergeant
Aim: a gnoll sergeant, wielding a +0 trident and wearing a +0 ring mail (moderately wounded, 64% to hit)
You throw a poisoned dart. The poisoned dart hits the gnoll.
Throw: 2 darts (poison)
Press: ? - help, Q - select action, (/) - cycle Shift-Dir - straight line, f/p - gnoll sergeant
Aim: a gnoll sergeant, wielding a +0 trident and wearing a +0 ring mail (moderately wounded, 64% to hit)
You throw a poisoned dart. The poisoned dart hits the gnoll.
The gnoll is poisoned.
The gnoll barely misses you.
You start resting.
There are monsters nearby!
You see here a poisoned dart.
You see here a poisoned dart.
Things that are here:
a +0 flail; a poisoned dart The gnoll shouts!
The gnoll sergeant hits you with a +0 trident.
The gnoll hits you but does no damage.
Things that are here:
a +0 flail; a poisoned dart You hit the gnoll sergeant but do no damage.
The gnoll sergeant is poisoned.
The gnoll sergeant is moderately wounded.
The gnoll sergeant barely misses you. The gnoll hits you but does no damage.
You closely miss the gnoll sergeant.
The gnoll sergeant is heavily wounded.
The gnoll sergeant closely misses you. The gnoll hits you but does no damage.
You hit the gnoll sergeant but do no damage.
The gnoll sergeant looks as sick as possible!
The gnoll sergeant is heavily wounded.
The gnoll hits you but does no damage.
You barely miss the gnoll sergeant.
The gnoll sergeant is severely wounded.
The gnoll hits you from afar with a +0 spear.
The gnoll barely misses you. The gnoll sergeant barely misses you.
You hit the gnoll sergeant but do no damage.
The gnoll sergeant looks as sick as possible!
The gnoll sergeant is almost dead.
You kill the gnoll sergeant!
Vehumet accepts your kill. The gnoll hits you but does no damage.
The gnoll hits you from afar with a +0 spear.
The gnoll hits you with a +0 spear. The gnoll hits you but does no damage.
You see here a poisoned dart.
You hit the gnoll but do no damage.
The gnoll is heavily wounded.
The gnoll barely misses you. The gnoll hits you but does no damage.
You hit the gnoll.
The gnoll is severely wounded.
The gnoll hits you with a +0 spear.
You barely miss the gnoll.
The gnoll is severely wounded.
The gnoll misses you.
You closely miss the gnoll.
The gnoll is severely wounded.
The gnoll hits you with a +0 spear. The gnoll hits you but does no damage.
The gnoll completely misses you.
You hit the gnoll.
The gnoll is poisoned.
The gnoll is severely wounded.
The gnoll barely misses you. The gnoll closely misses you.
You barely miss the gnoll.
The gnoll is almost dead.
You kill the gnoll!
Vehumet accepts your kill. The gnoll closely misses you.
The gnoll hits you with a +0 spear.
You hit the gnoll.
The gnoll is almost dead.
The gnoll closely misses you.
You hit the gnoll.
You kill the gnoll!
Vehumet accepts your kill.
No target in view!
No target in view!
No target in view!
No target in view!
No target in view!
HP restored.
d - 2 poisoned darts (gained 1)
d - 3 poisoned darts (gained 1)
You see here a +0 flail.
You see here a +0 spear.
Things that are here:
a +3 vorpal flail; a gnoll corpse
d - 4 poisoned darts (gained 1)
d - 7 poisoned darts (gained 3)
d - 8 poisoned darts (gained 1)
There is a stone staircase leading up here.
d - 9 poisoned darts (gained 1)
d - 10 poisoned darts (gained 1) Key pressed, stopping explore.
You now have 438 gold pieces (gained 9).
Joseph, a Mercenary comes into view.
He is wielding a +0 quarterstaff.
Joseph is nearby!
Joseph is nearby!
Unknown command.
Aiming: Polymorph
Press: ? - help, Shift-Dir - straight line, f - Joseph
Aim: Joseph, wielding a +0 quarterstaff and wearing a +0 leather armour (asleep, will become a queen bee, a quokka, or a rime drake, chance to affect: 31%) Joseph evaporates and reforms as a quokka!
An orc comes into view. It is wielding a +0 club.
Joseph bites you but does no damage.
You barely miss Joseph. Joseph closely misses you.
You hit Joseph.
Joseph is poisoned.
Joseph is moderately wounded.
Joseph bites you but does no damage.
You closely miss Joseph.
Joseph is heavily wounded.
Joseph bites you but does no damage.
You barely miss Joseph.
Joseph is severely wounded.
Joseph bites you but does no damage.
You barely miss Joseph.
Joseph is severely wounded.
Joseph barely misses you.
You hit Joseph.
You kill Joseph!
Vehumet accepts your kill.
An orc priest comes into view. It is wielding a +2 flail of venom.
An orc wizard comes into view. It is wielding a +0 dagger.
The orc shouts!
You hear a shout!
An orc comes into view. It is wielding a +0 club.
An orc comes into view. It is wielding a +0 mace.
The orc wizard shouts!
The orc priest shouts!
You hit the orc but do no damage.
The orc is poisoned.
The orc hits you but does no damage.
You hit the orc but do no damage.
The orc looks as sick as possible!
The orc is heavily wounded.
The orc hits you with a +0 club.
You barely miss the orc.
The orc is severely wounded.
You hit the orc but do no damage.
The orc looks as sick as possible!
The orc is severely wounded.
You kill the orc!
Vehumet accepts your kill.
The orc priest hits you with a +2 flail of venom.
The orc wizard gestures wildly while chanting.
The orc wizard flickers and vanishes!
Deactivating autopickup; reactivate with Ctrl-A.
You hit the orc priest.
The orc priest is poisoned.
The orc priest is moderately wounded.
The orc priest hits you but does no damage.
The orc hits you but does no damage.
You hit the orc priest.
The orc priest is heavily wounded.
Something hits you but does no damage. The orc barely misses you.
You hit the orc priest.
The orc priest looks as sick as possible!
The orc priest is severely wounded.
The orc priest closely misses you. The orc hits you but does no damage.
Something hits you but does no damage. The orc hits you with a +0 mace.
You barely miss the orc priest.
The orc priest is almost dead.
The orc priest misses you. The orc hits you with a +0 club. Something hits you.
The orc hits you but does no damage.
You completely miss the orc priest.
The orc priest is almost dead.
You hit the orc priest but do no damage.
The orc priest is almost dead.
You kill the orc priest!
Vehumet accepts your kill. The orc barely misses you.
The orc hits you but does no damage. Something hits you but does no damage.
You hit the orc.
The orc is poisoned.
The orc is moderately wounded.
The orc barely misses you. Something hits you but does no damage.
The orc barely misses you.
You barely miss the orc.
The orc is severely wounded.
The orc hits you but does no damage. Something hits you.
The orc hits you but does no damage.
You hit the orc.
You kill the orc!
Vehumet accepts your kill. The orc closely misses you.
Something hits you but does no damage.
You completely miss the orc. You hit the orc.
The orc is poisoned.
The orc is lightly wounded.
The orc barely misses you.
You hear some strange, mumbled words.
Something tries to affect you, but you resist.
You hit the orc.
The orc looks as sick as possible!
The orc is heavily wounded.
Something hits you but does no damage. The orc hits you but does no damage.
You closely miss the orc.
The orc is severely wounded.
Something hits you but does no damage. The orc barely misses you.
You hit the orc but do no damage.
The orc looks as sick as possible!
The orc is almost dead.
The orc hits you but does no damage. Something hits you but does no damage.
You hit the orc but do no damage.
The orc is almost dead.
You kill the orc!
Vehumet accepts your kill.
No target in view!
No target in view!
No target in view!
No target in view!
No target in view!
No target in view!
No target in view!
No target in view!
No target in view!
No target in view!
No target in view!
No target in view!
No target in view!
You closely miss something. Something hits you.
You hit something. Something hits you.
You miss something. Something hits you but does no damage.
You hit something but do no damage. Something hits you but does no damage.
You hit something. You hit something. Vehumet accepts your kill.
Reactivating autopickup.
You feel a bit more experienced.
Your Fire Magic skill increases to level 5!
Things that are here:
a +0 dagger; a +0 robe; an orc corpse
Okay, then.
Things that are here:
a +0 quarterstaff; a +0 sling; a +0 leather armour You see here a +2 flail of venom.
Found a club.
As you open the door, it creaks loudly!
There is an open door here.
You open the door.
There is an open door here.
Found a stone staircase leading down.
Found a chain mail.
Found an ancient bone altar of Kikubaaqudgha.
You open the door.
There is an open door here.
You open the door.
There is an open door here.
You now have 453 gold pieces (gained 15).
You see here a staff of death.
I - a scroll labelled DUNAVYLAGI Pikel and 2 lemures come into view.
Pikel is wielding a +1 whip of flaming.
There is an open door here.
There are monsters nearby!
There are monsters nearby!
There are monsters nearby!
Aiming: Polymorph
Press: ? - help, Shift-Dir - straight line, f - Pikel
Aim: Pikel, wielding a +1 whip of flaming and wearing a +0 robe (asleep, will become a hornet, a shapeshifter, or a howler monkey, chance to affect: 49%) Pikel evaporates and reforms as a hornet!
Throw: 2 darts (curare)
Press: ? - help, Q - select action, (/) - cycle Shift-Dir - straight line, f/p - Pikel
Aim: Pikel the hornet (39% to hit)
You throw a curare-tipped dart.
The curare-tipped dart closely misses Pikel.
Throw: dart (curare)
Press: ? - help, Q - select action, (/) - cycle Shift-Dir - straight line, f/p - Pikel
Aim: Pikel the hornet (39% to hit)
You throw a curare-tipped dart.
The curare-tipped dart closely misses Pikel.
Unknown command.
Aiming: Polymorph
Press: ? - help, Shift-Dir - straight line, f/p - Pikel
Aim: Pikel the hornet (will become a swamp drake, a queen bee, or a tengu, chance to affect: 39%) Pikel resists with some effort.
Pikel closely misses you.
Aiming: Polymorph
Press: ? - help, Shift-Dir - straight line, f/p - Pikel
Aim: Pikel the hornet (will become a swamp drake, a queen bee, or a tengu, chance to affect: 39%) Pikel the hornet evaporates and reforms as a tengu!
You hit Pikel.
Pikel is lightly wounded.
Pikel waves its whip at you. Pikel hits you. Pikel barely misses you. x2
You closely miss Pikel.
Pikel is lightly wounded.
Pikel misses you. Pikel pecks you but does no damage.
Pikel claws you but does no damage.
You hit Pikel.
Pikel is poisoned.
Pikel is moderately wounded.
Pikel closely misses you. Pikel pecks you but does no damage. Pikel misses you.
You barely miss Pikel.
Pikel is moderately wounded.
Pikel barely misses you. Pikel pecks you but does no damage.
Pikel claws you but does no damage.
You hit Pikel.
Pikel looks as sick as possible!
Pikel is moderately wounded.
You hit Pikel but do no damage.
Pikel is heavily wounded.
Pikel cracks its whip.
Pikel barely misses you. Pikel pecks you but does no damage.
Pikel claws you but does no damage.
You barely miss Pikel.
Pikel is heavily wounded.
Pikel hits you. Pikel pecks you. Pikel claws you.
You hit Pikel.
Pikel is severely wounded.
Pikel closely misses you. Pikel pecks you. Pikel completely misses you.
You barely miss Pikel.
Pikel is severely wounded.
Pikel hits you but does no damage. Pikel pecks you.
Pikel claws you but does no damage.
You hit Pikel.
Pikel looks as sick as possible!
Pikel is almost dead.
You kill Pikel!
Vehumet accepts your kill.
Pikel returns to his original shape as he dies.
You see here the kobold corpse of Pikel.
e - a curare-tipped dart
There is an open door here.
e - 2 curare-tipped darts (gained 1)
You now have 459 gold pieces (gained 6).
Things that are here:
a +1 whip of flaming; a +0 robe An iguana comes into view.
Things that are here:
a +0 hand axe; a wand of flame (11)
An iguana is nearby!
Found a stone staircase leading down.
A hound comes into view.
Found a stone staircase leading up.
The helpless iguana fails to defend itself.
You impale the iguana!!
You kill the iguana!
Vehumet accepts your kill.
The helpless hound fails to defend itself.
You skewer the hound like a kebab!!!
You kill the hound!
Vehumet accepts your kill.
You have reached level 9!
Your experience leads to an increase in your attributes!
Increase (S)trength, (I)ntelligence, or (D)exterity?
You feel clever. x2
Magic restored.
An orc comes into view. It is wielding a +0 morningstar.
The orc moves out of view.
J - a wand of flame (11)
You see here a +0 hand axe.
There is an open door here.
You open the door.
There is an open door here.
You now have 471 gold pieces (gained 12).
You open the door.
There is an open door here.
You open the door.
A bullfrog comes into view.
A bullfrog is nearby!
There is an open door here.
Found an escape hatch in the floor.
The helpless bullfrog fails to defend itself.
You stick the bullfrog like a pincushion!!!
You kill the bullfrog!
Vehumet accepts your kill.
Your Spellcasting skill increases to level 1!
No target in view!
No target in view!
There is an open door here.
The orc shouts!
The orc hits you but does no damage.
You hit the orc but do no damage.
The orc is poisoned.
The orc hits you but does no damage.
You barely miss the orc. The orc misses you.
You closely miss the orc.
The orc is moderately wounded.
The orc closely misses you.
You completely miss the orc.
The orc is moderately wounded.
The orc barely misses you.
You hit the orc but do no damage.
The orc looks as sick as possible!
The orc is moderately wounded.
You hit the orc.
The orc looks as sick as possible!
The orc is severely wounded.
The orc closely misses you.
You closely miss the orc.
The orc is severely wounded.
The orc barely misses you.
An orc is nearby!
An orc is nearby!
An orc is nearby!
You barely miss the orc. You punch the orc.
You kill the orc!
Vehumet accepts your kill.
No target in view!
No target in view!
You now have 482 gold pieces (gained 11).
Things that are here:
a +0 morningstar; a +0 leather armour
There is an open door here.
There is an open door here.
There is a stone staircase leading up here.
You open the door.
There is an open door here.
There is an open door here.
You see here a staff of death.
You see here the kobold corpse of Pikel.
There is an open door here.
Found 3 javelins.
You open the door.
There is an open door here.
There is an open door here.
There is an open door here.
Done exploring.
Done exploring.
Done exploring.
Done exploring.
Done exploring.
(D) Dungeon (T) Temple
Where to? (Enter - D:6 @ (x,y), ? - help)
There is an open door here.
There is an open door here.
There is an open door here.
You see here a +0 chain mail.
There is a stone staircase leading down here.
You climb downwards.
There is a stone staircase leading up here.
A bullfrog is nearby!
Unknown command.
The helpless bullfrog fails to defend itself.
You perforate the bullfrog like a sieve!!!
You kill the bullfrog!
Vehumet accepts your kill.
No target in view!
An orc comes into view. It is wielding a +0 flail.
An orc is nearby!
An orc is nearby!
An orc priest comes into view. It is wielding a +0 hand axe.
Found a stone staircase leading down.
The orc priest shouts!
An orc comes into view. It is wielding a +0 falchion.
The orc shouts!
You barely miss the orc. The orc barely misses you.
The orc shouts!
You hit the orc.
The orc is poisoned.
The orc is severely wounded.
The orc closely misses you.
You closely miss the orc.
The orc is heavily wounded.
The orc priest calls down the wrath of Beogh upon you.
You struggle to resist.
The orc hits you with a +0 falchion.
You hit the orc but do no damage.
The orc looks as sick as possible!
The orc is almost dead.
The orc misses you. The orc hits you but does no damage.
The orc priest barely misses you.
You hit the orc but do no damage.
The orc is almost dead.
You kill the orc!
Vehumet accepts your kill.
You hit the orc priest.
The orc priest is poisoned.
The orc priest is lightly wounded.
The orc closely misses you. The orc priest barely misses you.
You barely miss the orc priest.
The orc priest is lightly wounded.
The orc barely misses you.
The orc priest miscasts a cantrip.
You barely miss the orc priest.
The orc priest is lightly wounded.
The orc hits you with a +0 flail.
The orc priest hits you but does no damage.
You hit the orc priest.
The orc priest looks as sick as possible!
The orc priest is moderately wounded.
The orc misses you. The orc priest barely misses you.
You completely miss the orc priest.
The orc priest is moderately wounded.
You hit the orc priest but do no damage.
The orc priest looks as sick as possible!
The orc priest is heavily wounded.
The orc barely misses you. The orc priest closely misses you.
You closely miss the orc priest.
The orc priest is heavily wounded.
The orc barely misses you. The orc priest closely misses you.
You closely miss the orc priest.
The orc priest is heavily wounded.
The orc barely misses you.
The orc priest mumbles some strange prayers to Beogh against you.
Pain shoots through your body!
You hit the orc priest.
The orc priest looks as sick as possible!
The orc priest is almost dead.
The orc hits you with a +0 flail! The orc priest closely misses you.
You hit the orc priest.
The orc priest looks as sick as possible!
The orc priest is almost dead.
You kill the orc priest!
Vehumet accepts your kill.
You barely miss the orc. The orc closely misses you.
You hit the orc.
The orc is poisoned.
The orc is heavily wounded.
The orc hits you with a +0 flail.
You hit the orc.
The orc looks as sick as possible!
The orc is severely wounded.
The orc misses you.
You hit the orc but do no damage.
The orc is almost dead.
The orc barely misses you.
You closely miss the orc.
The orc is almost dead.
You kill the orc!
Vehumet accepts your kill.
No target in view!
No target in view!
No target in view!
No target in view!
HP restored.
Things that are here:
a +0 falchion; an orc corpse
Found a leather armour.
An ice beast comes into view.
The ice beast moves out of view.
An ice beast is nearby!
An ice beast is nearby!
An ice beast is nearby!
A howler monkey comes into view.
You closely miss the ice beast.
The ice beast hits you but does no damage.
You hit the ice beast but do no damage. The ice beast hits you.
The ice beast freezes you.
You hit the ice beast but do no damage.
You punch the ice beast, but do no damage.
The ice beast hits you. The ice beast freezes you!
You closely miss the ice beast.
The ice beast hits you but does no damage.
You hit the ice beast but do no damage. The ice beast attacks as you move away!
The ice beast closely misses you.
Cast which spell? (? or * to list)
You conjure some foxfire!
The ice beast barely misses you.
Casting: Foxfire (safe; 2% risk of failure)
Confirm with . or Enter, or press ? or * to list all spells.
You conjure some foxfire!
The ice beast hits you but does no damage.
Casting: Foxfire (safe; 2% risk of failure)
Confirm with . or Enter, or press ? or * to list all spells.
You conjure some foxfire!
The ice beast hits you but does no damage.
Casting: Foxfire (safe; 2% risk of failure)
Confirm with . or Enter, or press ? or * to list all spells.
You conjure some foxfire!
The foxfire hits the ice beast.
The ice beast is lightly wounded.
The foxfire hits the ice beast.
The ice beast melts!
The ice beast is lightly wounded.
The foxfire hits the ice beast.
The ice beast melts!
The ice beast is heavily wounded.
The foxfire hits the ice beast but does no damage.
The ice beast is heavily wounded.
The ice beast hits you but does no damage.
Your foxfire dissipates!
The ice beast attacks as you move away! The ice beast barely misses you.
The foxfire hits the ice beast.
The ice beast melts!
The ice beast is heavily wounded.
The foxfire hits the ice beast!
The ice beast melts!
The ice beast is almost dead.
Casting: Foxfire (safe; 2% risk of failure)
Confirm with . or Enter, or press ? or * to list all spells.
You conjure some foxfire!
The ice beast hits you but does no damage.
Casting: Foxfire (safe; 2% risk of failure)
Confirm with . or Enter, or press ? or * to list all spells.
You conjure some foxfire!
The foxfire hits the ice beast.
You kill the ice beast!
Vehumet accepts your kill.
Your Conjurations skill increases to level 6!
Unknown command.
Your foxfire dissipates!
Your foxfire dissipates! x2
Magic restored.
A howler monkey is nearby!
A howler monkey is nearby!
A howler monkey is nearby!
Gastronok the Ponderous comes into view.
He is wearing the +3 hat of Pondering {ponderous, Will+ MP+10 Int+5}.
A bullfrog comes into view.
A bullfrog comes into view.
The howler monkey howls!
The bullfrog croaks. x2
The howler monkey barely misses you.
Gastronok gurgles horribly!
You hit the howler monkey.
The howler monkey is poisoned.
The howler monkey is moderately wounded.
Gastronok mumbles some strange words.
The howler monkey misses you.
You hit the howler monkey but do no damage.
The howler monkey looks as sick as possible!
The howler monkey is moderately wounded.
The howler monkey hoots and howls with incredible vigour!
You hear a howl!
You hear an angry growl.
You hear a howl!
You hear a shout! x6
You closely miss the howler monkey.
The howler monkey is heavily wounded.
The bullfrog hits you but does no damage. x2
The howler monkey hits you.
The howler monkey hits you but does no damage.
The bullfrog hits you but does no damage.
The bullfrog attacks as you move away! The bullfrog barely misses you.
Casting: Foxfire (safe; 2% risk of failure)
Confirm with . or Enter, or press ? or * to list all spells.
You don't know that spell.
The howler monkey hoots and howls with incredible vigour!
You hear a howl!
You hear a shout!
The bullfrog barely misses you. The bullfrog attacks as you move away!
The bullfrog hits you.
A wolf comes into view.
The wolf bites you but does no damage. The wolf attacks as you move away!
The wolf barely misses you. The bullfrog attacks as you move away!
The bullfrog misses you.
A wolf comes into view.
You kill the howler monkey!
Vehumet accepts your kill.
The bullfrog hits you but does no damage.
The wolf closely misses you. The wolf closely misses you.
An orc comes into view. It is wielding a +0 hand axe.
The wolf bites you but does no damage.
The bullfrog hits you but does no damage.
An orc wizard comes into view. It is wielding a +0 dagger.
An orc priest comes into view. It is wielding a +0 whip.
The orc priest begins to cast a cantrip, but forgets the words!
The wolf attacks as you move away! The wolf bites you but does no damage.
The wolf barely misses you. The wolf bites you.
The wolf attacks as you move away! The wolf barely misses you.
The bullfrog misses you. The wolf barely misses you.
The wolf bites you but does no damage. The wolf bites you.
The wolf attacks as you move away! The wolf misses you. The wolf bites you. x2
The bullfrog barely misses you.
The orc priest casts a cantrip, but nothing happens.
The bullfrog attacks as you move away!
The bullfrog hits you but does no damage.
The wolf bites you! The wolf closely misses you.
An orc comes into view. It is wielding a +0 mace.
There is a stone staircase leading up here.
The bullfrog hits you.
The wolf bites you but does no damage. x2
The bullfrog hits you but does no damage.
The wolf bites you. The wolf bites you but does no damage.
You climb upwards.
There is a stone staircase leading down here.
The wolf attacks as you move away! The wolf bites you but does no damage.
The bullfrog attacks as you move away! The bullfrog closely misses you.
The wolf barely misses you.
The wolf bites you. x2; The wolf bites you but does no damage.
The bullfrog barely misses you. The bullfrog attacks as you move away!
The bullfrog hits you.
* * * LOW HITPOINT WARNING * * *
The wolf bites you.
* * * LOW HITPOINT WARNING * * *
You are too injured to fight recklessly!
You are too injured to fight recklessly!
You completely miss the wolf. The wolf bites you but does no damage.
You hit the bullfrog.
The bullfrog is poisoned.
The bullfrog is moderately wounded.
The wolf barely misses you. The bullfrog completely misses you.
The wolf bites you but does no damage.
You hit the bullfrog.
The bullfrog looks as sick as possible!
The bullfrog is heavily wounded.
The bullfrog barely misses you. The wolf bites you but does no damage.
You hit the wolf but do no damage.
The wolf is poisoned.
The bullfrog hits you but does no damage.
The wolf bites you but does no damage.
You hit the wolf but do no damage.
The wolf looks as sick as possible!
The wolf misses you. The bullfrog completely misses you.
The wolf bites you but does no damage.
You hit the wolf.
The wolf looks as sick as possible!
Your punch misses the wolf.
The wolf is lightly wounded.
The bullfrog hits you but does no damage.
The wolf bites you but does no damage. The bullfrog hits you.
* * * LOW HITPOINT WARNING * * *
You closely miss the wolf.
The wolf is moderately wounded.
You kill the bullfrog!
Vehumet accepts your kill. The wolf bites you but does no damage.
The wolf attacks as you move away! The wolf bites you!
* * * LOW HITPOINT WARNING * * *
You hit the wolf but do no damage.
The wolf is poisoned.
The wolf bites you but does no damage. The wolf bites you!
* * * LOW HITPOINT WARNING * * *
The wolf attacks as you move away! The wolf misses you.
The wolf attacks as you move away! The wolf closely misses you. x2
You hit the wolf but do no damage.
The wolf looks as sick as possible!
The wolf is almost dead.
You kill the wolf!
Vehumet accepts your kill. The wolf closely misses you.
Your Spellcasting skill increases to level 2!
You closely miss the wolf.
The wolf is moderately wounded.
The wolf bites you.
* * * LOW HITPOINT WARNING * * *
You hit the wolf but do no damage.
The wolf looks as sick as possible!
The wolf is moderately wounded.
The wolf closely misses you.
You hit the wolf but do no damage.
The wolf looks as sick as possible!
The wolf is heavily wounded.
The wolf bites you.
* * * LOW HITPOINT WARNING * * *
The wolf misses you.
You closely miss the wolf.
The wolf is heavily wounded.
The wolf completely misses you.
You closely miss the wolf.
The wolf is heavily wounded.
The wolf bites you but does no damage.
You miss the wolf.
The wolf is severely wounded.
The wolf closely misses you. The wolf bites you but does no damage.
Aiming: Throw Flame
Press: ? - help, Shift-Dir - straight line, f - wolf
Aim: a wolf (severely wounded, extremely poisoned, 48% to hit)
The puff of flame misses the wolf.
The wolf misses you.
Aiming: Throw Flame
Press: ? - help, Shift-Dir - straight line, f/p - wolf
Aim: a wolf (severely wounded, extremely poisoned, 48% to hit)
The puff of flame hits the wolf.
The wolf is almost dead.
The wolf bites you!
* * * LOW HITPOINT WARNING * * *
The wolf bites you.
You die...

########### ####.>.......#
#............# ###.##.........#
#...........[..#
#h###..........#
#@#.#.....P....### #######
#.#....P..........
##.....#######.#....#P...###...
#...........'..#._..##...# #...
#...........#..#....#P..P# #...
#......##..##..#....P...## #...
#......#######.#.#..P...####...
#..........##..###P........#...
#########.......P..........#...


You could see a wolf (very poisoned).

Vanquished Creatures
  A hornet (D:7)
  A wyvern (D:5)
  An orc warrior (D:7)
  A black bear (D:5)
  An ice beast (D:8)
  A wolf (D:7)
  A tengu (D:7)
  2 ogres
  2 phantoms (D:5)
  2 necrophages
  4 bullfrogs
  A gnoll sergeant (D:7)
  A howler monkey (D:8)
  2 hounds
  3 orc priests
  4 iguanas
  An orc wizard (D:7)
  Robin (D:3)
  7 adders
  4 gnolls (D:7)
  A shadow imp (D:7)
  An ufetubus (D:5)
  3 worms
  3 dart slugs
  11 orcs
  11 ball pythons
  10 endoplasms
  A giant cockroach (D:4)
  11 hobgoblins
  4 jackals
  5 kobolds
  5 quokkas
  8 bats
  3 frilled lizards
  16 goblins
  13 rats
147 creatures vanquished.

Vanquished Creatures (others)
  11 foxfires (D:8)
  2 plants
13 creatures vanquished.

Grand Total: 160 creatures vanquished

Notes
Turn   | Place    | Note
-------+----------+-------------------------------------------
     0 | D:1      | sleeves the Gargoyle Brigand began the quest for the Orb.
     0 | D:1      | Reached XP level 1. HP: 12/12 MP: 1/1
   120 | D:1      | HP: 5/12 [quokka (2)]
   124 | D:1      | Reached skill level 2 in Short Blades
   357 | D:1      | Reached XP level 2. HP: 14/17 MP: 2/2
  1024 | D:2      | Reached skill level 5 in Stealth
  1042 | D:2      | Reached XP level 3. HP: 21/21 MP: 3/3
  1475 | D:2      | Reached skill level 3 in Short Blades
  1475 | D:2      | Reached XP level 4. HP: 24/26 MP: 4/4
  1557 | D:2      | Found Dialye Fyosh's Antique Weapon Shop.
  1839 | D:3      | Found a hazy altar of Hepliaklqana.
  1878 | D:3      | Found a faded altar of an unknown god.
  1902 | D:3      | Found a sparkling altar of Nemelex Xobeh.
  1960 | D:3      | Noticed Grinder
  2006 | D:3      | Noticed Robin
  2018 | D:3      | Killed Robin
  2064 | D:2      | Reached XP level 5. HP: 30/30 MP: 5/5
  2189 | D:3      | Reached skill level 6 in Stealth
  2279 | D:3      | Paralysed by Grinder for 5 turns
  2429 | D:5      | Entered Level 5 of the Dungeon
  2429 | D:5      | Noticed a phantom
  2429 | D:5      | Noticed an ogre
  2552 | D:4      | Reached skill level 4 in Short Blades
  2601 | D:4      | Noticed an ice beast
  2822 | D:4      | Reached XP level 6. HP: 35/35 MP: 6/6
  2872 | D:4      | Learned a level 1 spell: Foxfire
  3031 | D:4      | Found a radiant altar of Vehumet.
  3640 | D:4      | Became a worshipper of Vehumet
  3800 | D:5      | Reached skill level 7 in Stealth
  3800 | D:5      | Reached skill level 1 in Conjurations
  3800 | D:5      | Reached skill level 1 in Fire Magic
  3819 | D:5      | Found a transporter.
  3870 | D:5      | Noticed a black bear
  3885 | D:5      | Reached skill level 2 in Conjurations
  3886 | D:5      | Reached XP level 7. HP: 37/40 MP: 7/7
  3899 | D:5      | Reached skill level 2 in Fire Magic
  3916 | D:5      | Found a transporter.
  4021 | D:5      | Noticed a small abomination
  4031 | D:5      | Found a one-way gate to the infinite horrors of the Abyss.
  4031 | D:5      | Noticed gdog's ghost (weakling GnDe)
  4046 | D:5      | Noticed a small abomination
  4056 | D:5      | Noticed a wyvern
  4066 | D:5      | HP: 18/40 [wyvern (11)]
  4068 | D:5      | Killed a wyvern
  4069 | D:5      | Reached skill level 3 in Conjurations
  4190 | D:5      | Noticed a small abomination
  4301 | D:5      | Reached skill level 3 in Fire Magic
  4589 | D:6      | Reached skill level 8 in Stealth
  4689 | D:6      | Reached XP level 8. HP: 44/44 MP: 8/8
  4808 | D:6      | Reached skill level 4 in Conjurations
  5133 | D:6      | Found a staircase to the Ecumenical Temple.
  5405 | D:7      | Found a flagged portal.
  5407 | D:7      | Reached * piety under Vehumet
  5407 | D:7      | Offered knowledge of Freeze by Vehumet.
  5422 | Bailey   | Entered a bailey
  5427 | Bailey   | Learned a level 3 spell: Mephitic Cloud
  5482 | D:7      | Reached skill level 4 in Fire Magic
  5600 | D:7      | HP: 21/44 [ogre/+0 giant spiked club (23)]
  5651 | D:7      | Noticed Maggie
  5652 | D:7      | Noticed Maggie
  5652 | D:7      | Maggie changed into Maggie the hornet
  5659 | D:7      | HP: 15/44 [Maggie the hornet (10)]
  5661 | D:7      | Killed Maggie the hornet
  5662 | D:7      | Reached skill level 9 in Stealth
  5662 | D:7      | Reached skill level 5 in Conjurations
  5777 | D:7      | HP: 22/44 [gnoll sergeant/+0 trident (13)]
  5916 | D:7      | Noticed Joseph
  5917 | D:7      | Noticed Joseph
  5917 | D:7      | Joseph changed into Joseph the quokka
  5926 | D:7      | Killed Joseph the quokka
  5956 | D:7      | Reached skill level 5 in Fire Magic
  6035 | D:7      | Found an ancient bone altar of Kikubaaqudgha.
  6117 | D:7      | Noticed Pikel
  6118 | D:7      | Noticed Pikel
  6118 | D:7      | Pikel changed into Pikel the hornet
  6126 | D:7      | Noticed Pikel
  6126 | D:7      | Pikel the hornet changed into Pikel the tengu
  6136 | D:7      | Killed Pikel the tengu
  6185 | D:7      | Reached XP level 9. HP: 48/48 MP: 8/10
  6240 | D:7      | Reached skill level 1 in Spellcasting
  6497 | D:8      | Reached skill level 6 in Conjurations
  6554 | D:8      | Noticed Gastronok
  6581 | D:7      | HP: 22/48 [bullfrog (4)]
  6587 | D:7      | HP: 21/48 [bullfrog (2)]
  6590 | D:7      | HP: 9/48 [wolf[Grum] (7)]
  6595 | D:7      | Reached skill level 2 in Spellcasting
  6595 | D:7      | HP: 7/48 [wolf[Grum] (6)]
  6602 | D:7      | HP: 2/48 [wolf[Grum] (8)]
  6602 | D:7      | Slain by a wolf

Illustrated notes

Levels and vault maps discovered:
D:1:      dpeg_arrival_fog, layout_loops_ring, nicolae_figureground_sparkle
D:2:      layout_basic, serial_shops, nicolae_shop_overgrown_old_shop
D:3:      kennysheep_big_flooded_room, layout_rooms,
          mainiacjoe_overflow_brackets, nicolae_hepliaklqana_hazy_memory,
          chequers_ecumenical_altar_twisty, uniq_robin, uniq_grinder
D:4:      layout_basic, lemuel_doored_altar, chequers_serial_rivers_room_a
D:5:      layout_loops_cross, gammafunk_ghost_abyssal_escape
D:6:      layout_cave_pools, temple_hall, patterned_corridor
D:7:      layout_gridville, kiku_gazebo_garden_becter, enter_bailey_3,
          st_stairs_9, uniq_maggie, uniq_joseph, uniq_pikel
D:8:      layout_cave_pools, uniq_grum, uniq_gastronok

Skill      XL: |  1  2  3  4  5  6  7  8  9 |
---------------+----------------------------+-----
Short Blades   | 2 3 4 |  4.0
Stealth        | 5 6 7 8 9 |  9.7
Conjurations   | 2 3 5 6 |  6.2
Fire Magic     | 1 3 5 |  5.6
Spellcasting   | 2 |  2.0
Fighting       | |  2.1
Throwing       | |  1.7
Dodging        | |  0.7

Action                   |  1- 3 |  4- 6 |  7- 9 || total
-------------------------+-------+-------+-------++-------
Melee: Dagger            |   108 |   158 |   225 ||   491
       Short sword       |       |   144 |    24 ||   168
       Punch             |       |     1 |     4 ||     5
Throw: Dart              |     8 |    10 |    38 ||    56
 Cast: Foxfire           |       |       |     6 ||     6
Evoke: Wand              |       |       |     8 ||     8
 Stab: Sleeping          |     9 |    11 |     7 ||    27
Armor: Robe              |    46 |     4 |       ||    50
       Leather armour    |       |   114 |   134 ||   248
Dodge: Dodged            |    65 |   159 |   157 ||   381
